 Dungeon Crawl Stone Soup version 0.19.1 (webtiles) character file.

403 RaHiT the Magician (level 6, -1/43 HPs)
             Began as a Mummy Conjurer on Nov 28, 2016.
             Killed from afar by Ponchio's ghost (13 damage)
             ... with a puff of flame
             ... on level 4 of the Dungeon.
             The game lasted 00:35:42 (5303 turns).

RaHiT the Magician (Mummy Conjurer)                 Turns: 5303, Time: 00:35:43

Health: -1/43      AC:  3    Str: 11    XL:     6   Next: 55%
Magic:  3/13       EV: 12    Int: 17    God:
Gold:   201        SH:  0    Dex: 12    Spells: 4 memorised, 5 levels left

rFire  x . .     SeeInvis +     c - -2 whip (curse)
rCold  + + .     Gourm    .     n - +0 robe (curse)
rNeg   + + +     Faith    .     (no shield)
rPois  ∞         Spirit   .     (no helmet)
rElec  .         Reflect  .     (no cloak)
rCorr  .         Harm     .     (no gloves)
MR     .....                    j - +0 pair of boots
Stlth  ++........               (no amulet)
                                r - ring of see invisible
                                f - ring of protection from cold

@: no status effects
A: no food or potions, fire vulnerability, cold resistance 1, negative energy
resistance 3, torment resistance, unbreathing
a: no special abilities


You were on level 4 of the Dungeon.
You were not hungry.

You visited 1 branch of the dungeon, and saw 4 of its levels.
You also visited: Sewer.

You collected 201 gold pieces.

Inventory:

Hand Weapons
 c - a cursed -2 whip (weapon)
 l - a +2 dagger of draining
 o - a +0 hand axe of draining
 p - a +0 dagger of protection
Missiles
 e - 4 tomahawks (quivered)
Armour
 a - a +0 robe
 j - a +0 pair of boots (worn)
 n - a cursed +0 robe (worn)
Jewellery
 f - a ring of protection from cold (left hand)
 r - a ring of see invisible (right hand)
Wands
 g - a wand of flame (33/48)
 i - a wand of acid (3/15)
Scrolls
 d - a scroll of recharging
 h - a scroll of enchant armour
 m - a scroll of remove curse
Books
 b - a book of Conjurations

   Spells                             Type                      Level
   a - Magic Dart                     Conjuration                  1
   b - Searing Ray                    Conjuration                  2
   c - Dazzling Spray                 Conjuration/Hexes            3
   d - Fulminant Prism                Conjuration/Hexes            4
   e - Iskenderun's Mystic Blast      Conjuration                  4
   f - Iskenderun's Battlesphere      Conjuration/Charms           5


   Skills:
 - Level 1.1 Fighting
 - Level 2.0 Dodging
 - Level 1.5 Stealth
 * Level 5.2 Spellcasting
 - Level 4.2 Conjurations
 - Level 1.0 Evocations


You had 5 spell levels left.
You knew the following spells:

 Your Spells              Type           Power        Failure   Level  Hunger
a - Magic Dart            Conj           ###.         2%          1    N/A
b - Dazzling Spray        Conj/Hex       ##....       21%         3    N/A
c - Iskenderun's Mystic   Conj           ###.....     24%         4    N/A
q - Searing Ray           Conj           ###...       3%          2    N/A

Dungeon Overview and Level Annotations

Branches:
Dungeon (4/15)
 Temple: D:4-7

Altars:
Cheibriados
Dithmenos
Elyvilon
Hepliaklqana
Uskayaw

Annotations:
D:4 Ponchio's ghost, amateur DEFE


Innate Abilities, Weirdness & Mutations

You do not eat or drink.
Your flesh is vulnerable to fire.
You are immune to poison.
Your flesh is cold resistant. (rC+)
You are immune to negative energy. (rN+++)
You are immune to unholy pain and torment.
You can survive without breathing.


Message History

The searing ray hits the vampire bat.
You destroy the vampire bat!
The searing ray hits Ponchio's ghost.
Ponchio's ghost is moderately damaged.
You finish channeling your searing ray.
Casting: Searing Ray
Confirm with . or Enter, or press ? or * to list all spells.
Aiming: Searing Ray
Press: ? - help, Shift-Dir - straight line, f - Ponchio's ghost
Aim: Ponchio's ghost, wielding a weapon of draining (moderately damaged)
The searing ray misses Ponchio's ghost.
The searing ray misses Ponchio's ghost.
Ponchio's ghost closely misses you.
The searing ray hits Ponchio's ghost.
Ponchio's ghost is heavily damaged.
Ponchio's ghost casts a spell at you. The puff of flame hits you!
The fire burns you terribly!
* * * LOW HITPOINT WARNING * * *
Ponchio's ghost points at you and mumbles some strange words.
The puff of flame hits you! The fire burns you terribly!
You die...

#.# #.W.##.###...#
#.##...# ##.###.##
#.##..b #W##.####
#.###.# ##...#...# #.#
.# #...###### #.##.
#.##..# ########.#
#.##### #[.......#
#######W###
########.###....@....#
#.......######.#
#.....#.## #.#
##...#### #.# ##.##
#.# #.# ######.### #.#
#........# ##'##
#.####.#.# ####
##...## #.####.#.#


You could see Ponchio's ghost.

Vanquished Creatures
  A phantom (D:4)
  A vampire bat (D:4)
  A hound (D:4)
  A worker ant (D:4)
  4 gnolls (D:3)
  5 adders
  An ooze (D:1)
  3 adder skeletons
  2 worms
  3 dart slugs
  A fire bat (D:4)
  5 leopard geckos
  4 orcs (D:3)
  3 ball pythons
  2 bat skeletons (D:4)
  4 giant cockroaches (D:3)
  11 goblins
  3 hobgoblins
  6 jackals
  A quokka (D:2)
  15 bats
  12 frilled lizards
  4 kobolds
  A leopard gecko zombie (D:2)
  4 rats
98 creatures vanquished.

Notes
Turn   | Place    | Note
-------+----------+-------------------------------------------
     0 | D:1      | RaHiT the Mummy Conjurer began the quest for the Orb.
     0 | D:1      | Reached XP level 1. HP: 13/13 MP: 3/3
   180 | D:1      | Reached XP level 2. HP: 19/19 MP: 0/5
   383 | D:1      | Learned a level 2 spell: Searing Ray
   549 | D:1      | Reached skill level 3 in Spellcasting
  1025 | D:2      | Reached XP level 3. HP: 24/24 MP: 2/7
  1306 | D:2      | Learned a level 3 spell: Dazzling Spray
  1718 | D:2      | Found a white marble altar of Elyvilon.
  2203 | D:3      | Found a hazy altar of Hepliaklqana.
  2206 | D:3      | Found a shadowy altar of Dithmenos.
  2209 | D:3      | Found a hide-covered altar of Uskayaw.
  2214 | D:3      | Reached skill level 4 in Spellcasting
  2217 | D:3      | Found a snail-covered altar of Cheibriados.
  2318 | D:3      | Reached XP level 4. HP: 30/30 MP: 7/10
  2573 | D:3      | Found a glowing drain.
  2608 | Sewer    | Entered a sewer
  2926 | Sewer    | Noticed Purgy
  3567 | D:3      | Reached XP level 5. HP: 22/35 MP: 3/11
  3966 | D:4      | Reached skill level 1 in Evocations
  4468 | D:4      | Noticed Ponchio's ghost (amateur DEFE)
  4490 | D:4      | Reached skill level 1 in Fighting
  4701 | D:4      | Learned a level 4 spell: Iskenderun's Mystic Blast
  4819 | D:4      | Noticed a phantom
  4917 | D:4      | Killed a phantom
  4917 | D:4      | Reached XP level 6. HP: 33/43 MP: 1/13
  5296 | D:4      | Reached skill level 5 in Spellcasting
  5303 | D:4      | Killed from afar by Ponchio's ghost

Skill      XL: |  1  2  3  4  5  6 |
---------------+-------------------+-----
Spellcasting   | 3 4 5 |  5.2
Conjurations   | 4 |  4.2
Evocations     | 1 |  1.0
Dodging        | 2 |  2.0
Fighting       | 1 |  1.1
Stealth        | |  1.5

Action                   |  1- 3 |  4- 6 || total
-------------------------+-------+-------++-------
Melee: Unarmed           |    15 |       ||    15
       Dagger            |       |    49 ||    49
       Whip              |       |    16 ||    16
 Cast: Magic Dart        |    65 |    48 ||   113
       Searing Ray       |     9 |    23 ||    32
       Dazzling Spray    |     2 |       ||     2
Evoke: Wand              |       |    10 ||    10
  Use: Scroll            |       |    10 ||    10
 Stab: Sleeping          |     1 |       ||     1
Armor: Robe              |    10 |    44 ||    54
Dodge: Dodged            |    19 |   112 ||   131
